 Dungeon Sprint DCSS version 0.26.0-16-gc1dbca0489 (webtiles) character file.

Game seed: 15934587054984108685

14203 Groucho the Fighter (level 12, 0/127 HPs)
             Began as a Naga Fighter on Jan 18, 2021.
             Was the Champion of Cheibriados.
             Slain by a two-headed ogre
             ... wielding a +0 giant spiked club
              (16 damage)
             ... in the Dungeon (Sprint IX: "|||||||||||||||||||||||||||||").
             The game lasted 00:06:58 (3030 turns).

Groucho the Fighter (Naga Fighter)                  Turns: 3030, Time: 00:07:00

Health: 0/127      AC: 17    Str: 38    XL:     12   Next: 14%
Magic:  22/22      EV:  6    Int: 23    God:    Cheibriados [******]
Gold:   1376       SH: 16    Dex: 30    Spells: 11/11 levels left

rFire    . . .     SeeInvis +   b - +9 sword of Zonguldrok {reap}
rCold    . . .     Faith    .   c - +0 kite shield
rNeg     . . .     Spirit   .   p - +0 plate armour
rPois    +         Reflect  .   (no helmet)
rElec    .         Harm     .   (no cloak)
rCorr    .         Rampage  .   a - +0 pair of gloves
Will     +....     NoTele   +   (no barding)
Stlth    ..........             (no amulet)
HPRegen  0.31/turn              q - +2 ring of protection
MPRegen  0.18/turn              r - +3 ring of strength

@: very slow
A: large, see invisible, deformed body, poison resistance, slowness 2, spit
poison 1, AC +4
a: Spit Poison, Renounce Religion, Bend Time, Temporal Distortion, Slouch, Step
From Time


You were in the Dungeon.
You worshipped Cheibriados.
Cheibriados was exalted by your worship.
You visited 1 branch You collected 1376 gold pieces.

Inventory:

Hand Weapons
 b - the +9 sword of Zonguldrok (weapon) {reap}
   (You found it in the Dungeon)

   If a monster killed with it leaves a corpse in good enough shape, the corpse
   is reanimated as a zombie friendly to the killer.
 n - a +1 broad axe of freezing
Armour
 a - a +0 pair of gloves (worn)
 c - a +0 kite shield (worn)
 p - a +0 plate armour (worn)
Jewellery
 q - a +2 ring of protection (left hand)
 r - a +3 ring of strength (right hand)
Wands
 m - a wand of iceblast (10)
Scrolls
 j - 2 scrolls of blinking
 k - 4 scrolls of remove curse
 l - 2 scrolls of amnesia
 o - 2 scrolls of fear
 s - 2 scrolls of fog
 t - a scroll of enchant armour
Potions
 d - 3 potions of might
 e - a potion of invisibility
 f - 2 potions of heal wounds
 g - a potion of haste
 h - 3 potions of magic
 i - 5 potions of curing


   Skills:
 + Level 13.8 Fighting
 + Level 11.3 Long Blades
 - Level 8.4 Axes
 + Level 11.9 Armour
 + Level 11.9 Shields
 + Level 13.8 Invocations


You had 11 spell levels left.
You didn't know any spells.
Your spell library was empty.

Dungeon Overview and Level Annotations

Branches:
Dungeon (1/1)

Altars:
Cheibriados
Dithmenos
Elyvilon
Fedhas
Gozag
Hepliaklqana
Kikubaaqudgha
Makhleb
Nemelex Xobeh
Okawaru
Qazlal
Ru
Sif Muna
Trog
Uskayaw
Vehumet
Wu Jian
Xom
Yredelemnul
Zin
The Shining One
Beogh
Jiyva
Lugonu

Shops:
D [:[*


Innate Abilities, Weirdness & Mutations

You cannot wear boots.
Your serpentine skin is tough. (AC +4)
You have supernaturally acute eyesight. (SInv)
Armour fits poorly on your strangely shaped body.
Your system is resistant to poisons. (rPois)
You cover ground very slowly.
You can spit poison.


Message History

The bolt of lightning hits your ogre zombie!!
Your ogre zombie is destroyed!
The ogre mage hits you but does no damage.
You see here 50 gold pieces.
The ogre shouts!
You slash the ogre mage!
The ogre mage is heavily wounded.
The ogre mage points at you and mumbles some strange words.
You easily resist.
You slice the ogre mage!!
You kill the ogre mage!
Cheibriados thoroughly appreciates the change of pace.
You block the two-headed ogre's attack.
The two-headed ogre hits you with a +0 giant club!
* * * LOW HITPOINT WARNING * * *
You block the two-headed ogre's attack.
The two-headed ogre hits you with a +0 giant club!
* * * LOW HITPOINT WARNING * * *
The two-headed ogre hits you with a +0 giant spiked club!
You die...

..)'......)[.....)..'____________
▓▓▓▓▓▓▓▓▓▓▓▓▓▓▓▓▓▓▓▓▓▓▓▓▓▓▓▓▓▓▓▓▓
.................................
▓▓▓▓▓▓▓▓▓▓▓▓▓▓▓▓▓▓▓▓▓▓▓▓▓▓▓▓▓▓▓▓▓
.[[[[..'..([........'.........'..
▓▓▓▓▓▓▓▓▓▓▓▓▓▓▓▓▓▓▓▓▓▓▓▓▓▓▓▓▓▓▓▓▓
.................................
▓▓▓▓▓▓▓▓▓▓▓▓▓▓▓▓▓▓▓▓▓▓▓▓▓▓▓▓▓▓▓▓▓
∩$∩.OOO@$).)).......))))
▓▓▓▓▓▓▓▓▓▓▓▓▓▓▓▓▓▓▓▓▓▓▓▓


You could see a two-headed ogre and 2 ogres.

Vanquished Creatures
  A dire elephant (D)
  3 ogre magi (D)
  3 hydras (D)
  3 two-headed ogres (D)
  An orc knight (D)
  7 elephants (D)
  4 cane toads (D)
  A rime drake (D)
  A tengu conjurer (D)
  A yak (D)
  A wyvern (D)
  A basilisk (D)
  4 water moccasins (D)
  12 orc warriors (D)
  A phantom (D)
  A sky beast (D)
  A black bear (D)
  A necrophage (D)
  4 ogres (D)
  A big kobold (D)
  3 bullfrogs (D)
  2 orc priests (D)
  3 orc wizards (D)
  A worker ant (D)
  An adder (D)
  A shadow imp (D)
  A white imp (D)
  10 orcs (D)
  A bat skeleton (D)
  A giant cockroach (D)
  2 hobgoblins (D)
  A bat (D)
  A rat (D)
80 creatures vanquished.

Vanquished Creatures (collateral kills)
  An orc (D)
1 creature vanquished.

Grand Total: 81 creatures vanquished

Notes
Turn   | Place    | Note
-------+----------+-------------------------------------------
     0 | D        | Groucho the Naga Fighter began the quest for the Orb.
     0 | D        | Reached XP level 1. HP: 21/21 MP: 1/1
   252 | D        | Noticed an ogre
   257 | D        | Reached XP level 2. HP: 11/30 MP: 2/2
   286 | D        | Reached XP level 3. HP: 9/36 MP: 3/3
   291 | D        | Killed an ogre
   292 | D        | Reached skill level 5 in Fighting
   292 | D        | Reached skill level 5 in Axes
   292 | D        | Reached XP level 4. HP: 11/46 MP: 4/4
   640 | D        | Found a roughly hewn altar of Beogh.
   640 | D        | Found a snail-covered altar of Cheibriados.
   640 | D        | Found a shadowy altar of Dithmenos.
   640 | D        | Found a white marble altar of Elyvilon.
   640 | D        | Found a blossoming altar of Fedhas.
   640 | D        | Found an opulent altar of Gozag.
   641 | D        | Found a hazy altar of Hepliaklqana.
   642 | D        | Found a viscous altar of Jiyva.
   643 | D        | Found an ancient bone altar of Kikubaaqudgha.
   644 | D        | Became a worshipper of Cheibriados the Contemplative
   645 | D        | Found a corrupted altar of Lugonu.
   646 | D        | Found a burning altar of Makhleb.
   647 | D        | Found a sparkling altar of Nemelex Xobeh.
   648 | D        | Found an iron altar of Okawaru.
   649 | D        | Found a stormy altar of Qazlal.
   650 | D        | Found a sacrificial altar of Ru.
   651 | D        | Found a shimmering blue altar of Sif Muna.
   652 | D        | Found a bloodstained altar of Trog.
   653 | D        | Found a hide-covered altar of Uskayaw.
   654 | D        | Found a radiant altar of Vehumet.
   655 | D        | Found an ornate altar of the Wu Jian Council.
   656 | D        | Found a shimmering altar of Xom.
   657 | D        | Found a basalt altar of Yredelemnul.
   658 | D        | Found a glowing silver altar of Zin.
   659 | D        | Found a glowing golden altar of the Shining One.
   708 | D        | Noticed a big kobold
   708 | D        | Noticed a sky beast
   708 | D        | Noticed a necrophage
   708 | D        | Noticed an ogre
   712 | D        | Reached skill level 1 in Invocations
   712 | D        | Reached XP level 5. HP: 55/55 MP: 4/6
   712 | D        | Reached * piety under Cheibriados
   715 | D        | Killed an ogre
   716 | D        | Reached skill level 5 in Armour
   716 | D        | Reached skill level 5 in Shields
   716 | D        | Reached XP level 6. HP: 63/63 MP: 4/8
   719 | D        | Killed a necrophage
   719 | D        | Reached ** piety under Cheibriados
   724 | D        | Killed a sky beast
   725 | D        | Reached skill level 5 in Invocations
   726 | D        | Reached *** piety under Cheibriados
   727 | D        | Reached XP level 7. HP: 72/72 MP: 6/11
   870 | D        | Noticed a wyvern
   870 | D        | Noticed a tengu conjurer
   887 | D        | Killed a wyvern
   887 | D        | Killed a tengu conjurer
   887 | D        | Reached **** piety under Cheibriados
   888 | D        | Reached XP level 8. HP: 48/82 MP: 11/13
   895 | D        | Reached ***** piety under Cheibriados
  1362 | D        | Found the +9 sword of Zonguldrok {reap}
  1388 | D        | Noticed a cane toad
  1388 | D        | Noticed a yak
  1390 | D        | Killed a yak
  1391 | D        | Reached skill level 1 in Long Blades
  1401 | D        | Noticed an eight-headed hydra
  1407 | D        | Reached ****** piety under Cheibriados
  1407 | D        | Killed a cane toad
  1408 | D        | Reached XP level 9. HP: 70/93 MP: 8/15
  1410 | D        | Killed an eight-headed hydra
  1411 | D        | Reached skill level 10 in Fighting
  1411 | D        | Reached skill level 5 in Long Blades
  1784 | D        | Noticed a cane toad
  1784 | D        | Noticed a six-headed hydra
  1784 | D        | Noticed a seven-headed hydra
  1787 | D        | Noticed a cane toad
  1788 | D        | Killed a cane toad
  1789 | D        | Reached skill level 10 in Invocations
  1789 | D        | Killed a seven-headed hydra
  1789 | D        | Killed a six-headed hydra
  1789 | D        | Killed a cane toad
  1789 | D        | Noticed a rime drake
  1790 | D        | Reached XP level 10. HP: 92/105 MP: 1/18
  1792 | D        | Noticed a cane toad
  1797 | D        | Reached skill level 10 in Armour
  1797 | D        | Reached skill level 10 in Shields
  1800 | D        | Killed a cane toad
  1959 | D        | Noticed an elephant
  1959 | D        | Noticed an elephant
  1959 | D        | Noticed an elephant
  1959 | D        | Noticed an elephant
  1959 | D        | Noticed an elephant
  1959 | D        | Noticed an elephant
  1967 | D        | Killed an elephant
  1972 | D        | Noticed a dire elephant
  1981 | D        | Killed an elephant
  1985 | D        | Noticed an elephant
  1986 | D        | Killed an elephant
  1987 | D        | Reached XP level 11. HP: 43/114 MP: 19/19
  2003 | D        | Killed a dire elephant
  2557 | D        | Noticed an orc knight
  2572 | D        | Killed an orc knight
  2573 | D        | Reached skill level 10 in Long Blades
  2976 | D        | Found Toikoh's General Store.
  2976 | D        | Noticed an ogre mage
  2976 | D        | Noticed a two-headed ogre
  2976 | D        | Noticed a two-headed ogre
  2976 | D        | Noticed a two-headed ogre
  2979 | D        | Killed a two-headed ogre
  2986 | D        | Killed a two-headed ogre
  2991 | D        | Noticed an ogre mage
  2993 | D        | Killed a two-headed ogre
  3001 | D        | Killed an ogre mage
  3009 | D        | Killed an ogre mage
  3010 | D        | Reached XP level 12. HP: 40/127 MP: 22/22
  3013 | D        | Found Teeticua's Antique Armour Shop.
  3018 | D        | Found Xasen's Book Boutique.
  3020 | D        | Noticed an ogre mage
  3021 | D        | Found Vamuv's Antique Armour Shop.
  3025 | D        | Noticed a two-headed ogre
  3029 | D        | Killed an ogre mage
  3030 | D        | Slain by a two-headed ogre

Illustrated notes

Levels and vault maps discovered:
D:        linesprint [early_d, line_temple, items_1, d_10, items_2, lair_1,
          lair_end, items_3, orc_1, orc_end, items_4, d_15, swamp_1, shoals_1,
          snake_1, spider_1, d_20, vaults_1, items_5, swamp_end, shoals_end,
          snake_end, spider_end, vaults_end, d_27, items_6, zot_1, zot_end,
          crypt_end, forest_end, elf_end, slime_end, tomb_end, abyss_end,
          pan_hell_end]

Skill      XL: |  1  2  3  4  5  6  7  8  9 10 11 |
---------------+----------------------------------+-----
Axes           | 3 5 6 7 8 |  8.4
Armour         | 3 4 5 6 7 8 9 10 11 | 11.9
Shields        | 3 4 5 6 7 8 9 10 11 | 11.9
Fighting       | 4 5 6 7 8 9 11 12 13 | 13.8
Invocations    | 1 3 5 6 8 11 13 | 13.8
Long Blades    | 4 7 8 11 | 11.3

Action                   |  1- 3 |  4- 6 |  7- 9 | 10-12 || total
-------------------------+-------+-------+-------+-------++-------
Melee: War axe           |    48 |       |       |       ||    48
       Broad axe         |       |    18 |    45 |    27 ||    90
       Double sword      |       |       |       |   122 ||   122
Invok: Slouch            |       |       |     6 |       ||     6
 Abil: Spit Poison       |     1 |       |       |       ||     1
  Use: Potion            |     3 |       |     1 |     4 ||     8
Armor: Scale mail        |    16 |       |       |       ||    16
       Plate armour      |       |     3 |    47 |    66 ||   116
Dodge: Dodged            |    13 |     5 |     9 |    18 ||    45
Block: Kite shield       |    25 |    10 |    46 |   108 ||   189
       Rpst.: Double sword |       |       |       |     2 ||     2
